 Dungeon Crawl Stone Soup version 0.18-a0-1797-gc18daef (webtiles) character file.

257 Duffy the Caller (level 5, -6/35 HPs)
             Began as a Mummy Summoner on Apr 22, 2016.
             Mangled by a phantom (7 damage)
             ... on level 5 of the Dungeon.
             The game lasted 00:06:05 (5534 turns).

Duffy the Caller (Mummy Summoner)                   Turns: 5534, Time: 00:06:06

Health: -6/35      AC:  2    Str: 11    XL:     5   Next: 93%
Magic:  2/8        EV: 12    Int: 15    God:
Gold:   144        SH:  0    Dex: 13    Spells: 3 memorised, 2 levels left

rFire  x . .     SeeInvis .     i - +1 dagger (drain)
rCold  + . .     Gourm    .     a - +0 robe
rNeg   + + +     Faith    .     (no shield)
rPois  ∞         Spirit   .     (no helmet)
rElec  .         Dismiss  .     (no cloak)
rCorr  .         Reflect  .     (no gloves)
SustAt +         Harm     .     (no boots)
MR     .....                    (no amulet)
Stlth  ++........               (no ring)
                                e - ring of sustain attributes

@: not resistant to hostile enchantments, unstealthy
A: no food or potions, fire vulnerability, cold resistance 1, negative energy
resistance 3, torment resistance, unbreathing
a: no special abilities


You were on level 5 of the Dungeon.
You were not hungry.

You visited 1 branch of the dungeon, and saw 5 of its levels.

You collected 144 gold pieces.


Innate Abilities, Weirdness & Mutations

You do not eat or drink.
Your flesh is vulnerable to fire.
You are immune to poison.
Your flesh is cold resistant.
You are immune to negative energy.
You are immune to unholy pain and torment.
You can survive without breathing.


   Skills:
 - Level 1.5 Dodging
 - Level 1.5 Stealth
 + Level 2.3 Spellcasting
 + Level 5.9 Summonings


You had 2 spell levels left.
You knew the following spells:

 Your Spells              Type           Power        Failure   Level  Hunger
a - Summon Small Mammal   Summ           ###.         1%          1    N/A
i - Call Imp              Summ           ###.....     2%          2    N/A
n - Call Canine Familiar  Summ           ###.....     6%          3    N/A

Inventory:

Hand Weapons
 c - a +0 dagger
 i - a +1 dagger of draining (weapon)
Missiles
 l - 2 exploding tomahawks (quivered)
Armour
 a - a +0 robe (worn)
Jewellery
 e - a ring of sustain attributes (left hand)
Scrolls
 d - 3 scrolls of random uselessness {unknown}
 f - 2 scrolls of amnesia {unknown}
 g - a scroll of immolation {unknown}
 h - a scroll of identify {unknown}
 j - a scroll of magic mapping {unknown}
 k - a scroll of recharging {unknown}
 m - a scroll of fear {unknown}
 n - a scroll of enchant weapon {unknown}
 o - a scroll of torment {unknown}
Books
 b - a book of Callings

Dungeon Overview and Level Annotations

Branches:
Dungeon (5/15)
 Temple: D:4-7

Altars:


Message History

The phantom barely misses your white imp.
The phantom blinks!
Your white imp gestures at the phantom.
The puff of frost hits the phantom.
The phantom resists.
Your white imp barely misses the phantom.
The phantom hits your white imp!
Your white imp closely misses the phantom.
The phantom hits your white imp!
Your white imp dies!
The phantom hits you!
You hit the phantom.
The phantom is moderately damaged.
The phantom hits you.
You completely miss the phantom.
The phantom is moderately damaged.
The phantom hits you.
The phantom blinks!
You closely miss the phantom.
The phantom is moderately damaged.
The phantom closely misses you.
You hit the phantom.
The phantom is moderately damaged.
The phantom barely misses you.
You hit the phantom.
The phantom is moderately damaged.
The phantom closely misses you.
You barely miss the phantom.
The phantom is moderately damaged.
The phantom hits you.
You hit the phantom but do no damage.
The phantom is moderately damaged.
The phantom barely misses you.
You hit the phantom but do no damage.
The phantom is moderately damaged.
The phantom hits you!
You die...

#.# ##.#
#..# #.##
#.# #.# #.#
.#######.#
.#.W@....#
##.#.#######
#..#.#
#.##.#
#.##.#
##.##.###
#.......#
#.#####.#
#)# #.#


You could see a phantom.

Action                   |  1- 3 |  4- 6 || total
-------------------------+-------+-------++-------
Melee: Dagger            |   107 |    86 ||   193
Throw: Tomahawk          |       |     5 ||     5
 Cast: Summon Small Mamm |     3 |       ||     3
       Call Imp          |    16 |    33 ||    49
       Call Canine Famil |       |     8 ||     8
 Stab: Sleeping          |     2 |     3 ||     5
Armor: Robe              |    19 |    24 ||    43
Dodge: Dodged            |    80 |    57 ||   137

Notes
Turn   | Place    | Note
--------------------------------------------------------------
     0 | D:1      | Duffy the Mummy Summoner began the quest for the Orb.
     0 | D:1      | Reached XP level 1. HP: 13/13 MP: 3/3
     1 | D:1      | Found a runed door.
   745 | D:1      | Reached XP level 2. HP: 19/19 MP: 5/5
   749 | D:1      | Learned a level 2 spell: Call Imp
  1786 | D:2      | Reached skill level 4 in Summonings
  2046 | D:2      | Reached XP level 3. HP: 10/24 MP: 0/6
  2454 | D:2      | Learned a level 3 spell: Call Canine Familiar
  2772 | D:1      | Reached XP level 4. HP: 11/30 MP: 5/7
  3225 | D:3      | Noticed macross's ghost (amateur DsBe)
  3437 | D:3      | Reached skill level 5 in Summonings
  3865 | D:3      | Killed macross's ghost
  3865 | D:3      | Reached XP level 5. HP: 4/35 MP: 0/8
  4581 | D:4      | Noticed an ogre
  4595 | D:5      | Entered Level 5 of the Dungeon
  5365 | D:5      | Noticed a phantom
  5534 | D:5      | Mangled by a phantom

Vault maps used:
D:1:      dpeg_arrival_caged_fury
D:2:      minmay_misc_feat_chi
D:4:      minmay_temple_entry_mist, serial_shops, shop, grunt_ministairs_10
D:5:      first_bread, uniq_blork_the_orc

Vanquished Creatures
  The ghost of macross the Skirmisher, an amateur DsBe of Trog
  2 orc wizards
  A worker ant
  3 gnolls
  3 adders
  6 oozes
  3 worms
  5 dart slugs
  A giant gecko
  7 orcs
  7 giant cockroaches
  3 goblins
  3 hobgoblins
  12 jackals
  A quokka
  A ball python
  4 bats
  2 giant newts
  6 kobolds
  10 rats
81 creatures vanquished.
